 Dungeon Crawl Stone Soup version 0.27.1-35-g4d5d836560 (webtiles) character file.

Game seed: 13744277424133540960

26546 cbfl8 the Protected (level 12, -1/110 HPs)
             Began as a Minotaur Delver on Mar 25, 2022.
             Was a High Priest of Yredelemnul.
             Killed by an exploding slime creature (28 damage)
             ... ignited by their inner flame
             ... in an ice cave.
             The game lasted 00:55:41 (17556 turns).

cbfl8 the Protected (Minotaur Delver)              Turns: 17556, Time: 00:55:41

Health: -1/110     AC: 21    Str: 22    XL:     12   Next: 99%
Magic:  16/16      EV:  9    Int:  7    God:    Yredelemnul [*****.]
Gold:   750        SH: 12    Dex: 12    Spells: 11/11 levels left

rFire    x . .     SeeInvis .   L - +5 morningstar
rCold    + + .     Faith    .   Q - +1 kite shield
rNeg     . . .     Spirit   .   d - +0 ice dragon scales
rPois    +         Reflect  .   (helmet restricted)
rElec    .         Harm     .   x - +0 cloak
rCorr    .         Rampage  .   J - +0 pair of gloves
Will     .....                  (no boots)
Stlth    +.........             k - amulet of regeneration
HPRegen  1.28/turn              f - +4 ring of protection
MPRegen  0.15/turn              v - ring of poison resistance

@: no status effects
A: horns 2, retaliatory headbutt
a: Renounce Religion, Recall Undead Slaves, Injury Mirror, Animate Dead, Drain
Life, Enslave Soul


You were in an ice cave.
You worshipped Yredelemnul.
Yredelemnul was extremely pleased with you.
You visited 3 branches of the dungeon, and saw 14 of its levels.
You also visited: Ice Cave.

You collected 750 gold pieces.

Inventory:

Hand Weapons
 t - a +3 vorpal shortbow
 L - a +5 morningstar (weapon)
 N - a +2 longbow of flaming
 S - the +2 spear "Beastbane" {vorpal, rN+ Str+5 Dex-5}
   (You took it off a spriggan on level 10 of the Dungeon)

   It inflicts extra damage upon your enemies.
   Str:       It affects your strength (+5).
   Dex:       It affects your dexterity (-5).
   rN:        It protects you from negative energy.
Missiles
 M - 100 arrows
 R - a throwing net (quivered)
Armour
 d - +0 ice dragon scales (worn)
 i - a +4 plate armour
 x - a +0 cloak (worn)
 J - a +0 pair of gloves (worn)
 Q - a +1 kite shield (worn)
Jewellery
 a - a +6 ring of intelligence
 b - the amulet "Deomalull" {Regen+ Int-2 Dex+4}
   (You found it in an ice cave)

   [amulet of regeneration]

   Int:       It affects your intelligence (-2).
   Dex:       It affects your dexterity (+4).
   Regen:     It increases your rate of health regeneration.
 f - a +4 ring of protection (left hand)
 k - an amulet of regeneration (around neck)
 v - a ring of poison resistance (right hand)
 B - a ring of resist corrosion
 E - a ring of protection from fire
 T - a ring of see invisible
 W - an amulet of faith
Wands
 g - a wand of digging (3)
 y - a wand of polymorph (11)
 z - a wand of iceblast (18)
 A - a wand of acid (15)
 H - a wand of mindburst (14)
 I - a wand of paralysis (10)
 K - a wand of flame (33)
Scrolls
 c - 2 scrolls of fog
 h - a scroll of enchant armour
 j - 7 scrolls of teleportation
 l - 4 scrolls of noise
 w - 3 scrolls of amnesia
 C - a scroll of immolation
Potions
 m - 2 potions of haste
 q - a potion of might
 r - 2 potions of lignification
 F - a potion of berserk rage
 G - 4 potions of brilliance
 U - a potion of attraction


   Skills:
 + Level 11.4 Fighting
 + Level 11.7(13.5) Axes
 + Level 11.6(13.5) Maces & Flails
 + Level 2.5 Bows
 + Level 12.4 Armour
 + Level 3.4 Dodging
 + Level 5.0 Stealth
 + Level 7.0 Shields
 + Level 6.7 Invocations
 + Level 0.5 Evocations


You had 11 spell levels left.
You didn't know any spells.
Your spell library contained the following spells:

 Spells                   Type           Power      Damage    Failure   Level
 Beastly Appendage        Tmut           0%         N/A       97%         1
 Sting                    Tmut/Pois      0%         1d3       97%         1
 Blink                    Tloc           N/A        N/A       99%         2
 Poisonous Vapours        Pois/Air       0%         N/A       99%         2
 Static Discharge         Conj/Air       0%         N/A       99%         2
 Wereblood                Tmut           0%         N/A       99%         2
 Call Canine Familiar     Summ           0%         N/A       100%        3
 Ignite Poison            Fire/Tmut/Pois 0%         N/A       100%        3
 Ozocubu's Armour         Ice            0%         N/A       100%        3
 Portal Projectile        Hex/Tloc       0%         N/A       100%        3
 Spider Form              Tmut/Pois      0%         N/A       100%        3
 Animate Armour           Summ/Erth      0%         N/A       100%        4
 Hailstorm                Conj/Ice       0%         3d3       100%        4
 Leda's Liquefaction      Hex/Erth       0%         N/A       100%        4
 Olgreb's Toxic Radiance  Pois           0%         N/A       100%        4
 Blade Hands              Tmut           0%         N/A       100%        5
 Fireball                 Conj/Fire      0%         3d3       100%        5
 Manifold Assault         Tloc           0%         N/A       100%        5
 Iron Shot                Conj/Erth      0%         9d1       100%        6
 Ozocubu's Refrigeration  Ice            0%         4d5       100%        7
 Storm Form               Tmut/Air       0%         N/A       100%        7
 Summon Hydra             Summ           0%         N/A       100%        7


Dungeon Overview and Level Annotations

Branches:
Dungeon (10/15)            Temple (1/1) D:4            Lair (3/6) D:10
  Swamp (0/4) Lair:3        Snake (0/4) Lair:3        IceCv (1/1)
    Orc: D:9-12

Altars:
Ashenzari
Cheibriados
Dithmenos
Elyvilon
Fedhas
Gozag
Hepliaklqana
Kikubaaqudgha
Makhleb
Nemelex Xobeh
Okawaru
Qazlal
Ru
Sif Muna
Trog
Uskayaw
Vehumet
Wu Jian
Xom
Yredelemnul
Zin
The Shining One

Shops:
D:1 [=   D:2 [   D:5 ((   D:8 *


Innate Abilities, Weirdness & Mutations

You have a pair of horns on your head.
You reflexively headbutt those who attack you in melee.


Message History

The slime creature explodes!
The fiery explosion engulfs the slime creature!!!
Flame seeps out of the slime creature.
The slime creature is severely wounded.
The fiery explosion engulfs the slime creature!!
Flame seeps out of the slime creature.
The slime creature is heavily wounded.
The fiery explosion engulfs you but does no damage.
The fiery explosion engulfs the slime creature!!
Flame seeps out of the slime creature.
The slime creature is moderately wounded.
The slime creature is engulfed in blazing flames.
Flame seeps out of the slime creature.
The slime creature misses you. You furiously retaliate!
You headbutt the slime creature! Yredelemnul accepts your kill.
The slime creature explodes!
The fiery explosion engulfs you!!! The fire burns you terribly!
* * * LOW HITPOINT WARNING * * *
Unknown command.
You feel much better.
You are engulfed in blazing flames.
The slime creature is engulfed in blazing flames.
Flame seeps out of the slime creature.
The slime creature hits you but does no damage.
The slime creature is engulfed in blazing flames.
Flame seeps out of the slime creature.
The slime creature hits you but does no damage.
You feel better.
You are engulfed in blazing flames.
The slime creature is engulfed in blazing flames.
Flame seeps out of the slime creature.
You block the slime creature's attack.
The slime creature is engulfed in blazing flames.
Flame seeps out of the slime creature.
The slime creature hits you!
* * * LOW HITPOINT WARNING * * *
Okay, then.
Okay, then.
The slime creature is engulfed in blazing flames.
Yredelemnul accepts your kill.
The slime creature explodes!
The fiery explosion engulfs you!! The fire burns you terribly!
You die...
Your body rises from the dead as a mindless zombie.

##########*
###.........*** *
###§§.........,,* **
##..§§§Z###....,****,
#.§§J§###*,,,,.***,,,
#...@## *,,,,,,*,,,,,
#.....####,,,,,,,,,,,
##.......###*******,,
##........#######***
####...........####
##..............
###########....
########### ###..
###.........# ###


You could see a slime creature (inner flame) and a glowing shapeshifter
simulacrum.

Vanquished Creatures
  A boulder beetle (Lair:2)
  The ghost of KittyFluff the Cudgeller, a novice GrBe of Trog (D:6)
  An ugly thing (D:9)
  A manticore (D:7)
  20 slime creatures (IceCv)
  A black mamba (Lair:2)
  2 ice statues (IceCv)
  A cane toad (Lair:1)
  2 komodo dragons (Lair:2)
  5 entropy weaver simulacra (IceCv)
  A polar bear (Lair:2)
  2 trolls
  Grinder (D:6)
  A hornet (D:9)
  A blink frog (Lair:1)
  Sigmund (D:4)
  15 yaks
  2 spriggans (D:10)
  A wyvern (D:9)
  5 demonic crawler simulacra (IceCv)
  7 water moccasins
  An acid dragon (D:9)
  Duvessa (D:5)
  6 orc warriors
  2 sky beasts (D:6)
  A black bear (D:6)
  A necrophage (D:6)
  An ice beast (D:7)
  2 ugly thing simulacra (IceCv)
  6 centaurs
  3 ogres
  7 wolves
  Blork the orc (D:5)
  A kobold brigand (D:9)
  The ghost of grimtooth the Conjurer, an amateur TeCj (D:3)
  7 bullfrogs
  A gnoll sergeant (D:10)
  A wyvern zombie (D:5)
  A scorpion (D:4)
  Dowan (D:5)
  A water moccasin skeleton (D:5)
  9 killer bees
  5 wights
  An electric eel (Lair:2)
  6 howler monkeys
  A bullfrog zombie (D:5)
  2 centaur zombies
  3 orc priests
  2 hounds
  A jelly (D:7)
  8 orc wizards
  4 iguanas
  A killer bee zombie (D:8)
  5 gnolls
  5 adders
  A shadow imp (D:5)
  A white imp (D:7)
  An ufetubus (D:3)
  A dart slug (D:4)
  22 orcs
  6 endoplasms
  A giant cockroach (D:2)
  2 goblins (D:2)
  11 hobgoblins
  4 jackals (D:4)
  4 quokkas
  8 ball pythons
  2 bats (D:3)
  6 frilled lizards
  5 kobolds
  6 rats
252 creatures vanquished.

Vanquished Creatures (collateral kills)
  Josephine (D:10)
  2 hydras
  The ghost of BeavisTheGrey the Basher, a novice TrMo of Trog (D:10)
  2 two-headed ogres (D:9)
  An oklob plant (D:10)
  2 cyclopes (D:9)
  2 black mambas
  2 cane toads (Lair:2)
  Maggie (D:9)
  A komodo dragon (Lair:2)
  7 blink frogs
  A spriggan (D:10)
  A shadow (D:10)
  3 wraiths (D:10)
  14 yaks
  4 basilisks
  3 steam dragons (D:9)
  6 water moccasins
  8 wolves
  4 centaurs
  2 bullfrogs
  2 howler monkeys
  2 centaur zombies (D:9)
  An orc priest (D:7)
  2 centaur skeletons (D:6)
  An iguana (D:6)
  2 orc wizards
  A killer bee zombie (D:9)
  A howler monkey zombie (D:9)
  2 gnolls (D:10)
  9 orcs
  2 kobolds (D:9)
93 creatures vanquished.

Vanquished Creatures (others)
  3 flying skulls
  A wraith (Lair:2)
  A yak (D:9)
  A blink frog zombie (Lair:2)
  A hornet zombie (D:9)
  A water moccasin zombie (D:6)
  A yak zombie (Lair:1)
  A cane toad zombie (Lair:1)
  A black bear zombie (D:6)
  A sky beast zombie (D:6)
  2 bullfrog zombies
  A centaur zombie (D:8)
  A hound zombie (D:7)
  3 howler monkey zombies
  An iguana zombie (D:6)
  4 killer bee zombies
  A kobold zombie (D:9)
  5 orc zombies
  A steam dragon zombie (D:9)
  2 wolf zombies
  26 fungi
  50 plants
109 creatures vanquished.

Grand Total: 454 creatures vanquished

Notes
Turn   | Place    | Note
-------+----------+-------------------------------------------
     0 | D:5      | cbfl8 the Minotaur Delver began the quest for the Orb.
     0 | D:5      | Reached XP level 1. HP: 19/19 MP: 0/0
   185 | D:4      | Found a staircase to the Ecumenical Temple.
   186 | D:4      | Noticed a centaur
   204 | Temple   | Entered the Ecumenical Temple
   260 | Temple   | Became a worshipper of Yredelemnul the Dark
   352 | D:4      | Noticed an iguana
   916 | D:2      | Reached XP level 2. HP: 27/27 MP: 1/1
  1307 | D:1      | Found Fexacadgh's Antique Armour Shoppe.
  1491 | D:1      | Got the Incunabulum of the Eight Boll Weevils
  1538 | D:1      | Found Buoph's Jewellery Shoppe.
  1740 | D:1      | Reached XP level 3. HP: 33/33 MP: 2/2
  1941 | D:1      | Reached * piety under Yredelemnul
  1948 | D:1      | Found a faded altar of an unknown god.
  2135 | D:2      | Reached skill level 1 in Armour
  2435 | D:2      | Found Agoggo Fuvo's Antique Armour Shoppe.
  3030 | D:3      | Reached XP level 4. HP: 40/40 MP: 3/3
  3123 | D:3      | Got the Handbook of the Escort and Moulding
  3180 | D:3      | Found a runed translucent door.
  3181 | D:3      | Noticed a bullfrog
  3183 | D:3      | Noticed grimtooth's ghost (amateur TeCj)
  3197 | D:3      | Killed a bullfrog
  3198 | D:3      | Reached skill level 2 in Armour
  3198 | D:3      | Reached XP level 5. HP: 47/47 MP: 4/4
  3202 | D:3      | Killed grimtooth's ghost
  3203 | D:3      | Reached skill level 3 in Armour
  3236 | D:3      | Noticed an ogre
  3244 | D:3      | Killed an ogre
  3245 | D:3      | Reached skill level 5 in Axes
  3245 | D:3      | Reached XP level 6. HP: 38/53 MP: 5/5
  3703 | D:4      | Reached skill level 4 in Armour
  3854 | D:4      | Reached skill level 5 in Fighting
  3860 | D:4      | Noticed Sigmund
  3893 | D:4      | Killed Sigmund
  3894 | D:4      | Reached XP level 7. HP: 39/61 MP: 6/6
  3920 | D:4      | Found a burning altar of Makhleb.
  3947 | D:4      | Reached skill level 5 in Armour
  3972 | D:4      | Reached ** piety under Yredelemnul
  4187 | D:5      | Found Lidukh's Weapon Boutique.
  4188 | D:5      | Noticed Blork the orc
  4196 | D:5      | Killed Blork the orc
  4238 | D:5      | Found Qidoysix's Antique Weapon Emporium.
  4269 | D:5      | Noticed Duvessa
  4269 | D:5      | Noticed Dowan
  4286 | D:5      | Killed Duvessa
  4306 | D:5      | Killed Dowan
  4695 | D:5      | Reached XP level 8. HP: 38/70 MP: 7/7
  4907 | D:5      | Reached skill level 6 in Armour
  5621 | D:6      | Noticed KittyFluff's ghost (novice GrBe)
  5630 | D:6      | Reached skill level 1 in Invocations
  5946 | D:6      | Found a runed translucent door.
  5948 | D:6      | Noticed Grinder
  6122 | D:6      | Killed Grinder
  6123 | D:6      | Reached skill level 1 in Shields
  6123 | D:6      | Reached XP level 9. HP: 79/79 MP: 9/9
  6538 | D:6      | Killed KittyFluff's ghost
  6539 | D:6      | Reached skill level 10 in Axes
  6539 | D:6      | Reached skill level 7 in Armour
  6639 | D:7      | Noticed a manticore
  7177 | D:7      | Reached *** piety under Yredelemnul
  7369 | D:7      | Killed a manticore
  7370 | D:7      | Reached skill level 8 in Armour
  8062 | D:8      | Found Ditich's Assorted Antiques.
  8310 | D:8      | Reached XP level 10. HP: 88/88 MP: 11/11
  9104 | D:8      | Reached skill level 1 in Maces & Flails
  9668 | D:9      | Reached skill level 9 in Armour
  9693 | D:9      | Noticed a cyclops
  9694 | D:9      | Noticed a green ugly thing
  9722 | D:10     | Entered Level 10 of the Dungeon
  9724 | D:10     | Reached **** piety under Yredelemnul
 10052 | D:10     | Noticed an oklob plant
 10082 | D:9      | Killed a green ugly thing
 10085 | D:9      | Received a gift from Yredelemnul (5 flying skulls)
 10086 | D:9      | Reached skill level 5 in Maces & Flails
 10115 | D:9      | Noticed a two-headed ogre
 10121 | D:9      | Killed a two-headed ogre
 10246 | D:9      | Killed a cyclops
 10325 | D:9      | Noticed a two-headed ogre
 10329 | D:9      | Killed a two-headed ogre
 10330 | D:9      | Reached skill level 10 in Armour
 10332 | D:9      | Reached XP level 11. HP: 85/97 MP: 13/13
 10534 | D:9      | Noticed Maggie
 10543 | D:9      | Killed Maggie
 10823 | D:10     | Found a staircase to the Lair.
 10831 | D:10     | Killed an oklob plant
 10863 | D:10     | Received a gift from Yredelemnul (5 flying skulls)
 11110 | D:10     | Noticed Josephine
 11119 | D:10     | Killed Josephine
 11120 | D:10     | Reached skill level 5 in Invocations
 11154 | D:10     | Found a runed translucent door.
 11164 | D:10     | Identified the +2 spear "Beastbane" {vorpal, rN+ Str+5
                  | Dex-5}
 11165 | D:10     | Noticed BeavisTheGrey's ghost (novice TrMo)
 11926 | D:10     | Killed BeavisTheGrey's ghost
 12061 | Lair:1   | Entered Level 1 of the Lair of Beasts
 12219 | Lair:1   | Reached skill level 10 in Fighting
 12226 | Lair:1   | Reached skill level 5 in Shields
 12290 | Lair:1   | Reached skill level 11 in Armour
 12395 | Lair:1   | Received a gift from Yredelemnul (a wraith)
 12648 | Lair:1   | Noticed a five-headed hydra
 12653 | Lair:1   | Killed a five-headed hydra
 12654 | Lair:1   | Received a gift from Yredelemnul (a wraith)
 13196 | Lair:2   | Noticed a boulder beetle
 13213 | Lair:2   | Reached ***** piety under Yredelemnul
 13227 | Lair:1   | Reached skill level 5 in Stealth
 13246 | Lair:2   | Reached XP level 12. HP: 97/107 MP: 7/15
 13252 | Lair:2   | Killed a boulder beetle
 13589 | Lair:2   | Received a gift from Yredelemnul (a wight)
 13590 | Lair:2   | Reached skill level 10 in Maces & Flails
 13758 | Lair:2   | Noticed a six-headed hydra
 13764 | Lair:2   | Killed a six-headed hydra
 14321 | Lair:3   | Found a staircase to the Snake Pit.
 14378 | Lair:3   | Found a frozen archway.
 14393 | IceCv    | Entered an ice cave
 15004 | IceCv    | Identified the amulet "Deomalull" {Regen+ Int-2 Dex+4}
 15090 | IceCv    | Reached skill level 12 in Armour
 15352 | IceCv    | Reached skill level 1 in Bows
 17556 | IceCv    | Killed by an exploding slime creature... ignited by their
                  | inner flame

Illustrated notes

Levels and vault maps discovered:
D:1:      doesnt_arrival_eight_statues, layout_basic, serial_shops, shop, shop,
          basic_ecumenical_altar, minmay_splitting_lines
D:2:      layout_basic, serial_shops, shop, serial_bayou_ford_a
D:3:      layout_loops_ring, ebering_ghost_sewer_d
D:4:      layout_loops_ring, mainiacjoe_overflow_24_doors,
          minmay_temple_entry_statues_fountains,
          corexii_item_surrounded_by_moat, sigmund_army
D:5:      layout_loops_ring, serial_shops, nicolae_square_shop, shop_fountains,
          uniq_duvessa, uniq_blork_the_orc
D:6:      layout_loops_ring, hellmonk_ghost_happy_afterlife, uniq_grinder
D:7:      layout_layer_cave
D:8:      layout_basic, serial_shops, shop_statue
D:9:      cheibrodos_ideogram_h, layout_basic, uniq_maggie
D:10:     layout_cave_pods, dpeg_oklobed_lair, ebering_ghost_funeral_grove,
          uniq_josephine
Temple:   grunt_wide_crystal_templ
Lair:1:   layout_chaotic_city
Lair:2:   layout_hall_layers, grunt_megastairs_2, infiniplex_staircase_pool
Lair:3:   layout_chaotic_city, nicolae_swamp_entry_splash_gauntlet,
          minmay_snake_entry_six_corridors, portal_ice_cave_entry_pillars_1,
          st_stairs_13
IceCv:    ice_cave_hellmonk_azure_passage

Skill      XL: |  1  2  3  4  5  6  7  8  9 10 11 12 |
---------------+-------------------------------------+-----
Armour         | 1 2 3 4 5 6 8 10 11 12 | 12.4
Axes           | 3 5 6 7 9 11 | 11.7
Fighting       | 4 5 7 8 9 10 11 | 11.4
Invocations    | 2 3 4 6 |  6.7
Shields        | 1 2 3 5 7 |  7.0
Maces & Flails | 6 9 11 | 11.6
Dodging        | 3 |  3.4
Stealth        | 5 |  5.0
Bows           | 2 |  2.5
Evocations     | |  0.5

Action                   |  1- 3 |  4- 6 |  7- 9 | 10-12 || total
-------------------------+-------+-------+-------+-------++-------
Melee: Hand axe          |    35 |       |       |       ||    35
       Headbutt          |    15 |    11 |    62 |   114 ||   202
       War axe           |    90 |    80 |   298 |     4 ||   472
       Morningstar       |       |       |       |   482 ||   482
 Fire: Longbow           |       |       |       |    23 ||    23
       Shortbow          |       |       |       |    20 ||    20
Invok: Animate Remains   |       |       |    18 |       ||    18
       Animate Dead      |       |       |     4 |    47 ||    51
       Recall Undead Sla |       |       |     1 |       ||     1
       Drain Life        |       |       |       |     3 ||     3
Evoke: Wand              |       |       |     3 |     3 ||     6
  Use: Scroll            |     1 |       |     1 |    17 ||    19
       Potion            |     1 |       |       |    13 ||    14
 Stab: Distracted        |       |       |       |     6 ||     6
Armor: Plate armour      |   151 |    61 |   228 |   350 ||   790
       Ice dragon scales |       |       |       |   118 ||   118
Dodge: Dodged            |    36 |    24 |    93 |   193 ||   346
Block: Buckler           |       |       |    31 |    60 ||    91
       Kite shield       |       |       |       |   202 ||   202
